 Dungeon Crawl Stone Soup version 0.19-a0-1277-g7cecae3 (webtiles) character file.

156556 cuftamc98 the Peltast (level 16, -8/149 HPs)
             Began as a Minotaur Fighter on Aug 30, 2016.
             Was the Champion of the Shining One.
             Mangled by an acid blob (25 damage)
             ... on level 6 of the Lair of Beasts.
             The game lasted 02:10:55 (29591 turns).

cuftamc98 the Peltast (Minotaur Fighter)           Turns: 29591, Time: 02:10:55

Health: -8/149     AC: 18    Str: 34    XL:     16   Next: 83%
Magic:  0/15       EV: 23    Int:  3    God:    the Shining One [******]
Gold:   2191       SH: 21    Dex: 19    Spells: 2 memorised, 13 levels left

rFire  + + .     SeeInvis .     n - +8 flail of the Unstoppable Realms {flame, +Rage Stlth+}
rCold  . . .     Gourm    .     h - +5 scale mail "Fudd" {rElec Str+4}
rNeg   + + +     Faith    .     B - +4 shield
rPois  .         Spirit   +     D - +0 hat
rElec  +         Dismiss  .     K - +0 cloak
rCorr  .         Reflect  .     m - +0 pair of gloves
MR     +....     Harm     .     E - +0 pair of boots
Stlth  ++........               L - amulet of guardian spirit
                                d - ring "Qaheqeab" {rF++ AC+2 Stlth+}
                                R - ring "Guej" {+Fly rN+ Str+2 Int-2 Dex+8}

@: corroded, glowing
A: retaliatory headbutt, horns 2, rough black scales 1, strong 1
a: Divine Shield, Cleansing Flame, Summon Divine Warrior, Brand Weapon With Holy
Wrath, Renounce Religion, Evoke Berserk Rage, Evoke Flight
}: 1/15 runes: decaying


You were on level 6 of the Lair of Beasts.
You worshipped the Shining One.
The Shining One was exalted by your worship.
You were not hungry.

You visited 5 branches of the dungeon, and saw 27 of its levels.
You also visited: Labyrinth, Sewer and Ice Cave.

You collected 2416 gold pieces.
You spent 225 gold pieces at shops.

Inventory:

Hand Weapons
 n - the +8 flail of the Unstoppable Realms (weapon) {flame, +Rage Stlth+}
   (You took it off a minotaur in a labyrinth)

   It has been specially enchanted to burn those struck by it, causing extra
   injury to most foes and up to half again as much damage against particularly
   susceptible opponents.
   It lets you go berserk.
   It makes you more stealthy.
 w - the +14 plutonium sword {*Contam Stlth-}
   (You found it on level 4 of the Lair of Beasts)

   It causes magical contamination when unequipped.
   It makes you less stealthy.
 Z - a +8 war axe of flaming
Missiles
 s - 20 tomahawks (quivered)
Armour
 h - the +5 scale mail "Fudd" (worn) {rElec Str+4}
   (You bought it in a shop on level 14 of the Dungeon)

   It affects your strength (+4).
   It insulates you from electricity.
 m - a +0 pair of gloves (worn)
 B - a +4 shield (worn)
 D - a +0 hat (worn)
 E - a +0 pair of boots (worn)
 H - the +3 ring mail "Fuzoll" {rC+ rCorr Stlth-}
   (You found it on level 2 of the Lair of Beasts)

   It protects you from cold.
   It protects you from acid and corrosion.
   It makes you less stealthy.
 K - a +0 cloak (worn)
Magical Staves
 W - an uncursed staff of wizardry
 X - an uncursed staff of energy
Jewellery
 d - the ring "Qaheqeab" (right hand) {rF++ AC+2 Stlth+}
   (You took it off a minotaur in a labyrinth)

   [ring of protection]

   It affects your AC (+2).
   It greatly protects you from fire.
   It makes you more stealthy.
 j - an uncursed amulet of regeneration
 x - a +3 ring of evasion
 L - an amulet of guardian spirit (around neck)
 R - the ring "Guej" (left hand) {+Fly rN+ Str+2 Int-2 Dex+8}
   (You found it in a labyrinth)

   [ring of positive energy]

   It affects your strength (+2).
   It affects your intelligence (-2).
   It affects your dexterity (+8).
   It protects you from negative energy.
   It lets you fly.
 S - an uncursed amulet of rage
Wands
 c - a wand of flame (15/48)
 e - a wand of polymorph (16/24)
 t - a wand of disintegration (13/24)
 y - a wand of paralysis (12/24)
 F - a wand of slowing (13/48)
 J - a wand of heal wounds (3/9)
 Q - a wand of lightning (6/15)
 U - a wand of iceblast (5/15)
Scrolls
 a - a scroll of fog
 b - 2 scrolls of recharging
 g - 9 scrolls of fear
 k - 4 scrolls of teleportation
 q - 13 scrolls of remove curse
 A - 3 scrolls of blinking
 I - 6 scrolls of magic mapping
 P - 8 scrolls of identify
 Y - 4 scrolls of immolation
Potions
 i - 8 potions of flight
 o - 3 potions of agility
 p - a potion of might
 r - 3 potions of magic
 u - 3 potions of heal wounds
 v - 3 potions of curing
 z - 3 potions of cancellation
 M - a potion of berserk rage
 O - a potion of resistance
 V - 2 potions of lignification
Comestibles
 f - 9 bread rations
 l - 11 meat rations
 C - 24 fruits
 G - a chunk of flesh
 N - 9 beef jerkies


   Skills:
 + Level 15.0 Fighting
 + Level 6.1(12.4) Axes
 + Level 16.3(16.7) Maces & Flails
 + Level 1.2 Throwing
 + Level 11.2 Armour
 + Level 14.8 Dodging
 + Level 4.1 Stealth
 + Level 18.8 Shields
 + Level 0.4 Spellcasting
 + Level 0.5 Translocations
 + Level 1.0 Invocations


You had 13 spell levels left.
You knew the following spells:

 Your Spells              Type           Power        Failure   Level  Hunger
a - Summon Butterflies    Summ           #.......     89%         1    ##.....
b - Apportation           Tloc           #.........   82%         1    ##.....


Dungeon Overview and Level Annotations

Branches:
Dungeon (15/15)            Temple (1/1) D:4            Lair (6/6) D:10
  Swamp (4/4) Lair:2       Spider (0/4) Lair:4        Slime (1/5) Lair:6
    Orc (0/2) D:10         Vaults (0/5) D:14         Depths (0/5) D:15

Altars:
Ashenzari
Cheibriados
Dithmenos
Elyvilon
Fedhas
Gozag
Hepliaklqana
Kikubaaqudgha
Makhleb
Nemelex Xobeh
Okawaru
Qazlal
Ru
Sif Muna
Trog
Uskayaw
Vehumet
Xom
Yredelemnul
Zin
The Shining One
Jiyva

Shops:
D:7 *   D:8 (   D:9 %   D:10 !(=:[   D:14 ((*[*


Innate Abilities, Weirdness & Mutations

You reflexively headbutt those who attack you in melee.
You have a pair of horns on your head.
You are partially covered in rough black scales. (AC +2, Dex -1)
Your muscles are strong. (Str +2)


Message History

You furiously retaliate!
You headbutt the titanic slime creature!
The very large slime creature hits you!!
* * * LOW HITPOINT WARNING * * *
The slime creature misses you. You furiously retaliate!
You headbutt the slime creature! You block the slime creature's attack.
The acid blob spits acid at you. The splash of acid misses you.
The splash of acid hits the slime creature.
The acid corrodes the slime creature!
You don't have enough magic at the moment.
You bludgeon the acid blob!! You burn the acid blob.
Your hands burn!
* * * LOW HITPOINT WARNING * * *
The acid blob is moderately wounded.
The slime creature hits you but does no damage.
The titanic slime creature hits you!!!
* * * LOW HITPOINT WARNING * * *
The slime creature closely misses you.
A very large slime creature splits.
You feel much better. The acid blob hits you!!
You die...

......#.#.....#P....^##.###.....#
......##.....+.......#..###.....#
......P#......##.....##..##.....#
.......#.....#########..#...#..#.
#..P..###....P#.#.#.###.#####..##
...P..##......##.....#P...#...#..
.P#....PP.......................P
.......P.......JJJ...............
##.....PP.#.#..J@....##.....##.P.
##..###..######JJJ..#############
#### #### #.....## ###.### ###


You could see an acid blob, a titanic slime creature, a large slime creature and
4 slime creatures.

Vanquished Creatures
  A tentacled monstrosity (Swamp:4)
  A thorn hunter (Swamp:4)
  A frost giant (IceCv)
  3 very ugly things (Swamp:4)
  A dire elephant (D:15)
  A minotaur (Lab)
  2 green deaths (Swamp:4)
  3 vault guards (D:14)
  18 hydras
  4 centaur warriors
  A ghost crab (Swamp:4)
  3 catoblepae (Lair:6)
  A tengu warrior (D:14)
  9 alligators
  21 death yaks
  A thrashing horror (Swamp:4)
  Sonja (D:12)
  The ghost of Arkorax the Cleaver, a novice HOGl of Fedhas (D:8)
  A fire crab (Lair:6)
  2 shambling mangroves (Swamp:2)
  5 swamp dragons
  3 spriggan druids
  Pikel (D:8)
  A deep elf archer (D:14)
  An oklob plant (Lair:2)
  5 hill giants
  A wizard (D:14)
  2 deep elf magi
  5 lindwurms
  2 orc knights (D:14)
  5 griffons
  3 cyclopes
  14 ugly things
  An orc sorcerer (D:14)
  4 hornets (Swamp:2)
  A wolf spider (D:15)
  2 manticores
  A salamander (D:15)
  9 elephants
  An ice statue (IceCv)
  3 centaur skeletons
  An eye of devastation (Lair:6)
  6 black mambas
  13 spiny frogs
  3 gargoyles
  5 komodo dragons
  2 yaktaurs (D:14)
  8 rime drakes
  2 ice devils (D:12)
  3 meliai (D:14)
  A tengu conjurer (D:14)
  6 giant leeches
  12 polar bears (IceCv)
  3 trolls
  A wolf spider simulacrum (D:15)
  A jumping spider (Lair:4)
  A two-headed ogre (D:15)
  Prince Ribbit (D:8)
  25 slime creatures
  6 dream sheep (Lair:4)
  Grinder (D:6)
  8 bog bodies
  9 blink frogs
  A meliai zombie (D:10)
  A redback (Lab)
  Sigmund (D:6)
  5 spriggans
  5 shadows
  3 wraiths
  2 small abominations (Swamp:4)
  56 yaks
  9 hippogriffs
  6 hungry ghosts
  25 vampire mosquitoes
  A mottled dragon (D:13)
  17 insubstantial wisps
  20 swamp worms
  13 water moccasins
  8 porcupines
  Duvessa (D:6)
  10 orc warriors
  6 wasps
  9 swamp drakes
  2 sky beasts
  A slave (D:7)
  The ghost of dracos369 the Cudgeler, an amateur OgAM (D:3)
  4 ice beasts
  4 black bears
  5 ogres
  A phantom (D:11)
  26 wolves
  6 centaurs
  12 crocodiles
  3 big kobolds
  Blork the orc (D:6)
  19 giant frogs
  A wyvern zombie (D:9)
  A wyvern skeleton (D:6)
  5 scorpions
  5 wights (D:10)
  8 killer bees
  Dowan (D:6)
  3 electric eels (D:8)
  3 howler monkeys
  6 crimson imps
  A wasp zombie (D:12)
  2 giant frog zombies
  A centaur zombie (D:7)
  4 hounds
  4 lava snakes (Lab)
  A quasit (D:8)
  5 jellies
  14 orc wizards
  Crazy Yiuf (D:6)
  3 giant frog skeletons
  12 orc priests
  12 iguanas
  10 worker ants
  A hound skeleton (D:5)
  7 gnolls
  8 adders
  69 river rats
  2 shadow imps
  An adder skeleton (D:8)
  3 worms (D:2)
  4 dart slugs
  9 giant geckos
  56 orcs
  A bat (D:2)
  6 giant cockroaches
  5 goblins
  8 hobgoblins
  5 jackals
  21 kobolds
  6 quokkas
  A ball python (D:2)
  A giant gecko skeleton (D:4)
  7 giant newts
  A jackal skeleton (D:6)
  7 rats
  A bush (Lair:2)
  A fungus (Lair:3)
882 creatures vanquished.

Vanquished Creatures (others)
  A polar bear (IceCv)
  A yak (IceCv)
  A vampire mosquito (Swamp:2)
  A sky beast (D:8)
  3 slaves (D:8)
  6 wolves (IceCv)
  A quasit (D:8)
  An orc priest (D:8)
  An adder (D:8)
  An orc (D:8)
  5 fungi
  14 plants
36 creatures vanquished.

Grand Total: 918 creatures vanquished

Notes
Turn   | Place    | Note
-------+----------+-------------------------------------------
     0 | D:1      | cuftamc98 the Minotaur Fighter began the quest for the Orb.
     0 | D:1      | Reached XP level 1. HP: 19/19 MP: 0/0
   226 | D:1      | Reached XP level 2. HP: 26/27 MP: 1/1
   553 | D:1      | Reached skill level 4 in Shields
   742 | D:2      | Reached XP level 3. HP: 33/33 MP: 2/2
  1413 | D:3      | Reached XP level 4. HP: 41/41 MP: 3/3
  1444 | D:3      | Noticed dracos369's ghost (amateur OgAM)
  1454 | D:3      | Killed dracos369's ghost
  1454 | D:3      | Reached skill level 1 in Dodging
  1454 | D:3      | Reached XP level 5. HP: 21/47 MP: 4/4
  1960 | D:3      | Reached skill level 5 in Fighting
  1960 | D:3      | Reached skill level 5 in Shields
  1960 | D:3      | Reached skill level 5 in Armour
  1960 | D:3      | Reached XP level 6. HP: 26/56 MP: 5/5
  2868 | D:4      | Found a staircase to the Ecumenical Temple.
  2915 | Temple   | Entered the Ecumenical Temple
  3149 | Temple   | Became a worshipper of the Shining One
  3445 | D:4      | Reached XP level 7. HP: 39/61 MP: 6/6
  3710 | D:5      | Entered Level 5 of the Dungeon
  3743 | D:5      | Reached skill level 5 in Axes
  3901 | D:5      | Reached skill level 1 in Maces & Flails
  4005 | D:5      | Found a glowing drain.
  4044 | Sewer    | Entered a sewer
  4231 | D:5      | Reached XP level 8. HP: 70/70 MP: 7/7
  4385 | D:6      | Reached skill level 6 in Shields
  4404 | D:6      | Noticed Sigmund
  4413 | D:6      | Killed Sigmund
  4438 | D:6      | Noticed Blork the orc
  4447 | D:6      | Killed Blork the orc
  4577 | D:6      | Reached skill level 5 in Dodging
  4670 | D:6      | Noticed Grinder
  4685 | D:6      | Killed Grinder
  4685 | D:6      | Reached skill level 1 in Stealth
  4685 | D:6      | Reached skill level 7 in Shields
  4741 | D:6      | Noticed Dowan
  4742 | D:6      | Noticed Duvessa
  4748 | D:6      | Killed Dowan
  4752 | D:6      | Killed Duvessa
  4808 | D:6      | Reached XP level 9. HP: 78/78 MP: 8/8
  4819 | D:6      | Found a hazy altar of Hepliaklqana.
  5251 | D:6      | Found a burning altar of Makhleb.
  5253 | D:6      | Noticed a balrug
  5541 | D:6      | Found a runed door.
  5545 | D:6      | Noticed Crazy Yiuf
  5549 | D:6      | Killed Crazy Yiuf
  5549 | D:6      | Reached skill level 8 in Shields
  5664 | D:7      | Reached * piety under the Shining One
  5700 | D:7      | Found Zin's Purification Station.
  5701 | D:7      | Found a glowing silver altar of Zin.
  5759 | D:7      | Reached skill level 5 in Maces & Flails
  6040 | D:8      | Noticed Pikel
  6227 | D:8      | Killed Pikel
  6227 | D:8      | Reached skill level 9 in Shields
  6420 | D:8      | Noticed Arkorax's ghost (novice HOGl)
  7625 | D:8      | Killed Arkorax's ghost
  7625 | D:8      | Reached XP level 10. HP: 28/88 MP: 9/9
  8746 | D:8      | Found a burning altar of Makhleb.
  8772 | D:8      | Noticed a green ugly thing
  8785 | D:8      | Killed a green ugly thing
  8785 | D:8      | Reached skill level 10 in Shields
  9012 | D:8      | Noticed Prince Ribbit
  9038 | D:8      | Found Xunocot's Weapon Boutique.
  9180 | D:8      | Killed Prince Ribbit
 10613 | D:9      | Found Jerchiesch's Food Emporium.
 10718 | D:9      | Reached ** piety under the Shining One
 11243 | D:10     | Entered Level 10 of the Dungeon
 11254 | D:10     | Found Tejym's Antique Armour Shop.
 11478 | D:10     | Reached skill level 11 in Shields
 11509 | D:10     | Noticed an elephant
 11509 | D:10     | Found a staircase to the Lair.
 11523 | D:10     | Noticed a hill giant
 11526 | D:10     | Killed an elephant
 11526 | D:10     | Reached skill level 1 in Throwing
 11526 | D:10     | Reached XP level 11. HP: 77/95 MP: 10/10
 11541 | D:10     | Killed a hill giant
 11555 | D:10     | Found Dixtib's Distillery.
 11582 | D:10     | Found Saiderche's Antique Weapon Boutique.
 11628 | D:10     | Found Citeikh's Jewellery Emporium.
 11630 | D:10     | Found Daidghips's Book Boutique.
 11693 | D:10     | Reached *** piety under the Shining One
 11840 | D:10     | Noticed a hill giant
 11871 | D:10     | Killed a hill giant
 11924 | D:10     | Found a staircase to the Orcish Mines.
 12293 | D:11     | Found a shattered altar of Ashenzari.
 12340 | D:11     | Noticed a hill giant
 12355 | D:11     | Killed a hill giant
 12404 | D:11     | Learned a level 1 spell: Summon Butterflies
 12406 | D:11     | Learned a level 1 spell: Apportation
 12422 | D:11     | Found a labyrinth entrance.
 12428 | D:11     | Noticed a four-headed hydra
 12440 | D:11     | Killed a four-headed hydra
 12440 | D:11     | Reached skill level 12 in Shields
 12509 | Lab      | Entered a labyrinth
 13059 | Lab      | Noticed a minotaur
 13074 | Lab      | Killed a minotaur
 13074 | Lab      | Reached skill level 10 in Dodging
 13076 | Lab      | Got a scintillating marble ring
 13081 | Lab      | Got a bone flail {flame}
 13082 | Lab      | Identified the +8 flail of the Unstoppable Realms {flame, +Rage Stlth+} (You took it off a minotaur in a labyrinth)
 13085 | Lab      | Got a transparent brass ring
 13308 | D:11     | Found a sparkling altar of Nemelex Xobeh.
 13413 | D:12     | Noticed Sonja
 13427 | D:12     | HP: 2/97 [acid (11)]
 13430 | D:12     | Gained mutation: You are partially covered in rough black scales. (AC +2, Dex -1) [potion of mutation]
 13430 | D:12     | Gained mutation: Your muscles are strong. (Str +2) [potion of mutation]
 13435 | D:12     | Killed Sonja
 13896 | D:12     | Identified the ring "Qaheqeab" {rF++ AC+2 Stlth+} (You took it off a minotaur in a labyrinth)
 13898 | D:12     | Identified the ring "Guej" {+Fly rN+ Str+2 Int-2 Dex+8} (You found it in a labyrinth)
 13925 | D:12     | Reached XP level 12. HP: 106/106 MP: 11/11
 14054 | D:12     | Found a frozen archway.
 14078 | IceCv    | Entered an ice cave
 14126 | IceCv    | Reached skill level 10 in Fighting
 14380 | IceCv    | Reached **** piety under the Shining One
 14573 | IceCv    | Reached skill level 10 in Maces & Flails
 14641 | IceCv    | Reached skill level 13 in Shields
 14675 | IceCv    | Noticed a death yak
 14678 | IceCv    | Noticed a death yak
 14693 | IceCv    | Killed a death yak
 14698 | IceCv    | Killed a death yak
 14773 | IceCv    | Noticed a frost giant
 14773 | IceCv    | Noticed a death yak
 14790 | IceCv    | Killed a death yak
 14817 | IceCv    | Killed a frost giant
 15058 | IceCv    | Identified the Handbook of Snow
 15530 | D:12     | Reached XP level 13. HP: 115/115 MP: 12/12
 15590 | D:12     | Found a sacrificial altar of Ru.
 15679 | D:12     | Reached skill level 14 in Shields
 16292 | D:13     | Reached ***** piety under the Shining One
 16858 | D:14     | Found Cenell's General Store.
 17036 | D:14     | Found Usmoumof's Antique Weapon Shop.
 17215 | D:14     | Found Seolaugess's Assorted Antiques.
 17492 | D:14     | Found Iphutih's Antique Armour Boutique.
 17496 | D:14     | Bought an aquamarine-encrusted scale mail for 225 gold pieces
 17506 | D:14     | Identified the +5 scale mail "Fudd" {rElec Str+4} (You bought it in a shop on level 14 of the Dungeon)
 17639 | D:14     | Paralysed by an orc sorcerer for 5 turns
 17659 | D:14     | Reached skill level 15 in Shields
 18040 | D:14     | Found a gate to the Vaults.
 18256 | D:14     | Found Educofal's Weapon Shop.
 18423 | D:15     | Entered Level 15 of the Dungeon
 18449 | D:15     | Reached XP level 14. HP: 115/125 MP: 13/13
 18576 | D:15     | Found a staircase to the Depths.
 18748 | D:15     | Found a glowing golden altar of the Shining One.
 19252 | Lair:1   | Entered Level 1 of the Lair of Beasts
 19908 | Lair:2   | Found a staircase to the Swamp.
 19958 | Lair:2   | Got an encrusted ring mail
 19969 | Lair:2   | Identified the +3 ring mail "Fuzoll" {rC+ rCorr Stlth-} (You found it on level 2 of the Lair of Beasts)
 19985 | Lair:2   | Found a glowing silver altar of Zin.
 20740 | Swamp:1  | Entered Level 1 of the Swamp
 20829 | Swamp:1  | Reached skill level 16 in Shields
 21339 | Swamp:1  | Reached skill level 10 in Armour
 21384 | Swamp:1  | Reached ****** piety under the Shining One
 21495 | Swamp:1  | You fall through a shaft!
 22836 | Swamp:3  | Reached XP level 15. HP: 119/134 MP: 14/14
 22858 | Swamp:3  | Paralysed by a hornet for 1 turns
 23735 | Swamp:3  | Reached skill level 17 in Shields
 24143 | Swamp:4  | Entered Level 4 of the Swamp
 24298 | Swamp:4  | Noticed a thorn hunter
 24322 | Swamp:4  | Killed a thorn hunter
 24568 | Swamp:4  | Reached skill level 15 in Maces & Flails
 25196 | Swamp:4  | Noticed a tentacled monstrosity
 25216 | Swamp:4  | Killed a tentacled monstrosity
 25324 | Swamp:4  | Got a decaying rune of Zot
 25441 | Swamp:1  | Reached XP level 16. HP: 146/146 MP: 15/15
 25571 | Lair:3   | Found a basalt altar of Yredelemnul.
 26811 | Lair:4   | Found a hole to the Spider Nest.
 26872 | Lair:4   | Reached skill level 18 in Shields
 27460 | Lair:4   | Got a translucent scale mail
 27471 | Lair:4   | Identified the +3 scale mail of Spin the Turtle {SInv} (You found it on level 4 of the Lair of Beasts)
 28192 | Lair:6   | Entered Level 6 of the Lair of Beasts
 28611 | Lair:6   | Reached skill level 1 in Invocations
 28950 | Lair:6   | Found a staircase to the Slime Pits.
 28950 | Lair:6   | Found a viscous altar of Jiyva.
 29280 | Lair:6   | Reached skill level 15 in Fighting
 29567 | Slime:1  | Entered Level 1 of the Pits of Slime
 29576 | Slime:1  | Noticed an acid blob
 29590 | Lair:6   | HP: 1/149 [titanic slime creature (40)]
 29591 | Lair:6   | Mangled by an acid blob

Vault maps used:
D:1:      sevenhm_arrival_forest_fort_small_3, grunt_decor_cap
D:2:      kennysheep_nondescript, patterned_corridor
D:5:      first_bread, gup_sewer_entry_pipe
D:6:      kennysheep_little_box, makhleb_altar_promises_db, kennysheep_doodads,
          minivault_5, uniq_grinder, uniq_crazy_yiuf_cottage, uniq_sigmund,
          uniq_duvessa, uniq_blork_the_orc
D:7:      zin_purify, grunt_ogre_cave
D:8:      basic_altar, serial_shops, kennysheep_mini, serial_bayou_lagoon_a,
          uniq_prince_ribbit1, uniq_pikel
D:9:      serial_shops, nicolae_shop_temple_entry_statues_fountains
D:10:     david_lair_generic, hiddenorc1_lemuel, serial_shops,
          nicolae_shop_trees, shop, shop, shop, nicolae_shop_trees
D:11:     lab_entry_generic, serial_glass, glass_columns_b, glass_columns_a,
          basic_altar, nemelex_altar_shiori
D:12:     portal_ice_cave_demonic_guard, nicolae_ru_sacrificial_ziggurat,
          uniq_sonja
D:14:     grunt_vaults_entry_fortified, roderic_cross_of_infinity, serial_shops,
          shop, nicolae_shop_waterfront, nicolae_shop_crystal,
          nicolae_shop_crystal, shop
D:15:     hangedman_depths_entry_try_elsewhere_first, basic_altar
Temple:   dpeg_five_rooms_temple
Lair:1:   beast_lair_carwin_large_2
Lair:2:   minmay_swamp_entry_wisps, minivault_11, minivault_27,
          lemuel_oklob_altar, lemuel_fruit_fields, grunt_megastairs_5,
          lemuel_fruit_fields
Lair:3:   basic_altar, grunt_megastairs_4, lemuel_fruit_tree
Lair:4:   spider_nest_entry_a, minmay_lindwurm_lava
Lair:6:   evilmike_catoblepas_cave, slime_altar_1, minmay_lair_drake_nest
Swamp:1:  evilmike_swamp_ruin_house_6, swamp_pool1
Swamp:2:  evilmike_swamp_ruin_house_1, swamp_pool5, infiniplex_staircase_pool
Swamp:3:  nicolae_swamp_fairy_circle
Swamp:4:  swamp_vile
Lab:      labyrinth_watery, nicolae_lab_checkerboard, nicolae_lab_arrow,
          labyrinth_lava_lair, nicolae_lab_garden, lab_hedge
Sewer:    sewer_the_crocodile
IceCv:    ice_cave_caverns_02

Skill      XL: |  1  2  3  4  5  6  7  8  9 10 11 12 13 14 15 16 |
---------------+-------------------------------------------------+-----
Fighting       | 4 5 6 7 8 9 10 11 12 14 15 | 15.0
Shields        | 4 5 7 9 11 12 13 15 16 17 18 | 18.8
Armour         | 4 5 6 7 8 9 10 11 | 11.2
Axes           | 3 4 5 6 |  6.1
Dodging        | 1 2 3 4 6 7 8 10 11 12 13 14 | 14.8
Maces & Flails | 1 4 6 7 9 11 13 14 15 16 | 16.3
Stealth        | 1 2 3 4 |  4.1
Throwing       | 1 |  1.2
Invocations    | 1 |  1.0
Spellcasting   | |  0.4
Translocations | |  0.5

Action                   |  1- 3 |  4- 6 |  7- 9 | 10-12 | 13-15 | 16-18 || total
-------------------------+-------+-------+-------+-------+-------+-------++-------
Melee: War axe           |    82 |    80 |    17 |       |    53 |       ||   232
       Headbutt          |    19 |    11 |    93 |   179 |   330 |   177 ||   809
       Mace              |       |       |   385 |   480 |       |       ||   865
       Flail             |       |       |       |   255 |   966 |   464 ||  1685
Throw: Tomahawk          |       |       |       |     5 |       |     3 ||     8
Invok: Divine Shield     |       |       |       |     2 |       |     1 ||     3
  Use: Scroll            |     8 |     4 |     5 |    12 |    18 |     5 ||    52
       Potion            |       |     3 |       |     8 |    11 |     2 ||    24
 Stab: Sleeping          |       |       |       |     1 |     2 |     4 ||     7
  Eat: Chunk             |     2 |     6 |    10 |    25 |    26 |     9 ||    78
       Meat ration       |       |       |     1 |     1 |       |       ||     2
       Pizza             |       |       |     1 |       |     2 |     3 ||     6
       Fruit             |       |       |       |       |     4 |     1 ||     5
Armor: Scale mail        |    21 |    32 |       |       |   179 |    76 ||   308
       Ring mail         |       |       |   102 |   154 |    22 |       ||   278
       Skin              |       |       |       |       |     4 |       ||     4
Dodge: Dodged            |    24 |    18 |   137 |   282 |   454 |   179 ||  1094
Block: Shield            |    42 |    33 |    73 |       |   807 |   386 ||  1341
       Large shield      |       |       |   266 |   752 |    84 |       ||  1102
